 Dungeon Crawl Stone Soup version 0.30-a0-757-ga6a79fd877 (webtiles) character file.

Game seed: 12598634484615394607

4700 Newt the Skirmisher (level 10, -4/57 HPs)
             Began as a Kobold Hunter on Feb 9, 2023.
             Was a Believer of Hepliaklqana.
             Slain by a vampire (5 damage)
             ... on level 10 of the Dungeon.
             The game lasted 00:12:30 (10411 turns).

Newt the Skirmisher (Kobold Hunter)                Turns: 10411, Time: 00:12:31

Health: -4/57      AC:  9    Str:  9    XL:     10   Next: 72%
Magic:  0/19       EV: 22    Int: 11    God:    Hepliaklqana [**....]
Gold:   747        SH:  0    Dex: 22    Spells: 21/21 levels left

rFire   + . .      SeeInvis .    a - +0 shortbow (freeze)
rCold   . . .      Faith    .    (shield currently unavailable)
rNeg    . . .      Spirit   +    A - +3 leather armour
rPois   .          Reflect  .    (no helmet)
rElec   .          Harm     .    f - +1 cloak
rCorr   .          Rampage  .    (no gloves)
Will    +....                    p - +0 pair of boots
Stlth   +++                      x - amulet of guardian spirit
HPRegen 0.29/turn                q - ring of willpower
MPRegen 0.16/turn                I - ring of protection from fire

@: no status effects
A: reduced essence, small, no large weapons, nightstalker 3, talons 1
a: Renounce Religion, Recall Ancestor, Ancestor Identity


You were on level 10 of the Dungeon.
You worshipped Hepliaklqana.
Hepliaklqana was pleased with you.
You visited 2 branches of the dungeon, and saw 12 of its levels.
You also visited: Ossuary.

You collected 747 gold pieces.

Inventory:

Hand Weapons
 a - a +0 shortbow of freezing (weapon)
Armour
 c - a +0 leather armour
 f - a +1 cloak (worn)
 n - a +0 kite shield
 p - a +0 pair of boots (worn)
 A - a +3 leather armour (worn)
Jewellery
 q - a ring of willpower (left hand)
 x - an amulet of guardian spirit (around neck)
 I - a ring of protection from fire (right hand)
Wands
 e - a wand of acid (5)
 y - a wand of roots (18)
 B - a wand of paralysis (13)
 C - a wand of polymorph (7)
 F - a wand of flame (23)
Scrolls
 b - 3 scrolls of immolation
 h - 7 scrolls of teleportation
 k - 2 scrolls of fear
 o - 6 scrolls of amnesia
 u - 2 scrolls of magic mapping
 v - 3 scrolls of enchant armour
 w - 2 scrolls of torment
 G - a scroll of silence
 K - a scroll of identify
Potions
 d - 2 potions of flight
 i - 5 potions of might
 j - a potion of haste
 l - 5 potions of lignification
 m - 4 potions of degeneration
 r - 2 potions of ambrosia
 s - 4 potions of attraction
 t - a potion of resistance
 z - 4 potions of brilliance
 D - a potion of magic {unknown}
 E - a potion of mutation
 J - a potion of curing {unknown}


   Skills:
 - Level 8.0 Fighting
 + Level 12.4 Ranged Weapons
 - Level 10.0 Dodging
 - Level 1.3 Stealth
 - Level 6.0 Spellcasting


You had 21 spell levels left.
You didn't know any spells.
Your spell library contained the following spells:

 Spells                   Type           Power      Damage    Failure   Level
 Cigotuvi's Dreadful Rot  Necr/Pois/Air  6%         N/A       38%         2
 Ensorcelled Hibernation  Hex/Ice        6%         N/A       38%         2
 Passwall                 Tmut/Erth      2%         N/A       38%         2
 Ignite Poison            Fire/Tmut/Pois 3%         N/A       63%         3
 Swiftness                Air            3%         N/A       63%         3
 Tukima's Dance           Hex            3%         N/A       63%         3
 Dispel Undead            Necr           3%         3d7       95%         4
 Passage of Golubria      Tloc           3%         N/A       95%         4
 Sticky Flame             Conj/Fire      3%         2d3       95%         4
 Yara's Violent Unravell  Hex/Tmut       1%         3d3       100%        5
 Death Channel            Necr           1%         N/A       100%        6
 Ignition                 Fire           1%         3d3       100%        8


Dungeon Overview and Level Annotations

Branches:
Dungeon (11/15)            Temple (1/1) D:7             Orc (0/2) D:9
Ossuary (visited)
   Lair: D:8-11

Altars:
Ashenzari
Cheibriados
Dithmenos
Elyvilon
Fedhas
Gozag
Hepliaklqana
Kikubaaqudgha
Makhleb
Nemelex Xobeh
Okawaru
Sif Muna
Trog
Uskayaw
Vehumet
Wu Jian
Xom
Yredelemnul

Shops:
D:2 [


Innate Abilities, Weirdness & Mutations

Your life essence is reduced to manifest your ancestor. (-10% HP)
You are small and have problems with some larger weapons.
You are completely attuned to the shadows.
You have sharp toenails.


Message History

There is a stone staircase leading down here.
Cihuaton is recalled.
Something hits you.
* * * LOW HITPOINT WARNING * * *
Deactivating autopickup; reactivate with Ctrl-A.
Something bites you.
* * * LOW HITPOINT WARNING * * *
Something draws strength from your injuries!
Cihuaton hits something with a +0 flail!
You feel much better. Something hits you. Something bites you!
Something draws strength from your injuries!
Cihuaton hits something with a +0 flail.
You shoot an arrow. Something hits you!
* * * LOW HITPOINT WARNING * * *
Something bites you but does no damage.
Cihuaton hits something but does no damage.
You shoot an arrow. Something hits you!
* * * LOW HITPOINT WARNING * * *
Something barely misses you.
You feel much better.
Cihuaton hits something with a +0 flail.
Something misses you. Something bites you.
Something draws strength from your injuries!
Aiming: Corrosive Bolt
Press: ? - help, Shift-Dir - straight line The bolt of acid hits something!
Cihuaton barely misses something.
Something draws life force from you!
You are too injured to fight recklessly!
You shoot an arrow.
Cihuaton closely misses something.
Something hits you!
* * * LOW HITPOINT WARNING * * *
Something bites you.
* * * LOW HITPOINT WARNING * * *
Something draws strength from your injuries!
You shoot an arrow.
Cihuaton hits something but does no damage.
Something hits you!
* * * LOW HITPOINT WARNING * * *
Something barely misses you. Something hits you.
You die...

#..
##..
#.. #.#
#@# #
##{##..
#..R...
#.>....
#......
#......
#......
#......


You could see the friendly Cihuaton the knight.

Vanquished Creatures
  2 trolls
  Prince Ribbit (D:7)
  A shadow (D:9)
  A yak (D:10)
  A steam dragon (D:6)
  Edmund (D:6)
  A water moccasin (D:6)
  A black bear (D:7)
  An orc warrior (D:7)
  2 ice beasts
  A sky beast (D:7)
  2 centaurs
  3 phantoms
  2 kobold brigands
  3 bullfrogs
  3 scorpions
  4 wights (D:7)
  2 troll zombies (D:9)
  4 killer bees (D:7)
  A howler monkey (D:5)
  4 hounds
  4 jellies
  A gnoll bouda (D:5)
  3 orc priests
  2 iguanas
  9 orc wizards
  4 ogre zombies (D:9)
  2 hound zombies (Ossuary)
  5 mummies
  9 adders
  8 gnolls (D:5)
  2 white imps
  An ufetubus (D:6)
  3 adder zombies (Ossuary)
  2 worms (D:5)
  4 dart slugs
  37 orcs
  7 endoplasms
  2 giant cockroaches
  9 goblins
  5 hobgoblins
  14 jackals
  6 quokkas
  6 ball pythons
  8 bats
  3 frilled lizards
  2 gnoll zombies (Ossuary)
  A goblin skeleton (D:9)
  2 goblin zombies (D:9)
  A hobgoblin skeleton (D:9)
  4 hobgoblin zombies
  12 kobolds
  A kobold zombie (Ossuary)
  2 orc skeletons (D:9)
  12 orc zombies
  6 rats
  A rat zombie (Ossuary)
241 creatures vanquished.

Vanquished Creatures (collateral kills)
  A wraith (D:10)
  An orc warrior (D:10)
  A bullfrog (D:9)
  2 orc priests (D:10)
  2 orc wizards (D:10)
  2 orcs (D:10)
9 creatures vanquished.

Vanquished Creatures (others)
  A knight (D:10)
  4 plants
5 creatures vanquished.

Grand Total: 255 creatures vanquished

Notes
Turn   | Place    | Note
-------+----------+-------------------------------------------
     0 | D:1      | Newt the Kobold Hunter began the quest for the Orb.
     0 | D:1      | Reached XP level 1. HP: 12/12 MP: 1/1
   208 | D:1      | Reached XP level 2. HP: 18/18 MP: 2/2
   399 | D:1      | Reached XP level 3. HP: 23/23 MP: 3/3
  1111 | D:2      | Found Usisub's Armour Shop.
  1158 | D:2      | Reached XP level 4. HP: 30/30 MP: 4/4
  1300 | D:2      | Found a sparkling altar of Nemelex Xobeh.
  1960 | D:3      | Reached skill level 5 in Fighting
  1960 | D:3      | Reached XP level 5. HP: 33/35 MP: 5/5
  2079 | D:3      | Reached skill level 6 in Ranged Weapons
  2108 | D:3      | You fall into a shaft and drop 3 floors!
  2122 | D:6      | Noticed a water moccasin
  2134 | D:5      | Entered Level 5 of the Dungeon
  2301 | D:5      | Reached skill level 7 in Ranged Weapons
  2311 | D:5      | Reached XP level 6. HP: 10/40 MP: 6/6
  2317 | D:5      | Found a sand-covered staircase.
  2321 | Ossuary  | Entered an ossuary
  2668 | Ossuary  | Gained mutation: You occasionally lose the ability to read
                  | scrolls when taking damage. [potion of mutation]
  2668 | Ossuary  | Gained mutation: You are robust. (+10% HP) [potion of
                  | mutation]
  2853 | Ossuary  | Reached skill level 8 in Ranged Weapons
  3090 | D:5      | Reached XP level 7. HP: 21/48 MP: 7/7
  3105 | D:5      | Reached skill level 9 in Ranged Weapons
  3400 | D:5      | Reached skill level 10 in Ranged Weapons
  3951 | D:5      | Reached XP level 8. HP: 53/53 MP: 8/8
  4553 | D:4      | Lost mutation: You are robust. (+10% HP) [potion of
                  | mutation]
  4553 | D:4      | Lost mutation: You occasionally lose the ability to read
                  | scrolls when taking damage. [potion of mutation]
  4553 | D:4      | Gained mutation: You are weak. (Str -2) [potion of
                  | mutation]
  4554 | D:4      | Lost mutation: You are weak. (Str -2) [potion of mutation]
  4554 | D:4      | Gained mutation: You have sharp toenails. [potion of
                  | mutation]
  4603 | D:4      | Reached skill level 5 in Dodging
  4846 | D:4      | Found a sparkling altar of Nemelex Xobeh.
  6621 | D:6      | Reached XP level 9. HP: 54/54 MP: 9/9
  6750 | D:6      | Noticed Edmund
  6758 | D:6      | Killed Edmund
  6896 | D:7      | Reached skill level 10 in Dodging
  6911 | D:7      | Noticed Prince Ribbit
  6916 | D:7      | Killed Prince Ribbit
  6923 | D:7      | Found a bloodstained altar of Trog.
  6924 | D:7      | Found a shimmering blue altar of Sif Muna.
  6924 | D:7      | Found a blossoming altar of Fedhas.
  7216 | D:7      | Reached skill level 1 in Spellcasting
  7420 | D:7      | Found a staircase to the Ecumenical Temple.
  7445 | Temple   | Entered the Ecumenical Temple
  7469 | Temple   | Became a worshipper of Hepliaklqana the Forgotten
  7691 | D:7      | Found a snail-covered altar of Cheibriados.
  7814 | D:7      | Reached XP level 10. HP: 43/64 MP: 9/15
  8013 | D:8      | Found an opulent altar of Gozag.
  8319 | D:8      | Reached skill level 5 in Spellcasting
  8357 | D:8      | Found an ancient bone altar of Kikubaaqudgha.
  8433 | D:8      | Found an ornate altar of the Wu Jian Council.
  8988 | D:9      | Found a staircase to the Orcish Mines.
  9077 | D:9      | Reached skill level 11 in Ranged Weapons
  9152 | D:9      | Reached * piety under Hepliaklqana
  9953 | D:10     | Entered Level 10 of the Dungeon
 10053 | D:10     | Reached ** piety under Hepliaklqana
 10054 | D:10     | Remembered your ancestor Cihuaton as a knight
 10224 | D:10     | Reached skill level 12 in Ranged Weapons
 10272 | D:10     | Found a white marble altar of Elyvilon.
 10355 | D:10     | Paralysed by a hornet for 3 turns
 10410 | D:10     | HP: 1/57 [something (10)]
 10411 | D:10     | Slain by a vampire

Illustrated notes

Levels and vault maps discovered:
D:1:      wheals_arrival_linesprint, layout_loops_ring
D:2:      layout_basic, serial_shops, nicolae_shop_window_shopping, basic_altar,
          minmay_increasing_density
D:3:      layout_loops_ring, serial_bayou_crossing
D:4:      layout_basic, nemelex_xobeh_ov_fountains_minmay, serial_rivers,
          chequers_serial_rivers_micro_d, chequers_serial_rivers_micro_d,
          chequers_serial_rivers_micro_c, chequers_serial_rivers_micro_e,
          chequers_serial_rivers_small_3, grunt_ministairs_12
D:5:      layout_basic, cheibrodos_sewer_entry_sluice,
          nicolae_ossuary_entry_plus
D:6:      layout_rooms, uniq_edmund
D:7:      layout_cave_pools, slow_altar_2,
          chequers_temple_overflow_statue_of_worship, minmay_temple_entry_waves,
          hex_tiny, uniq_prince_ribbit1
D:8:      layout_cave_pools, old_standard_altar, nzn_wu_jian_contemplation,
          general_overflow_altar
D:9:      layout_stronghold, zombieorc1_lemuel
D:10:     layout_basic, kennysheep_mini_moat, mainiacjoe_overflow_catwalk,
          dpeg_oklobed_lair, grunt_potential
D:11:     layout_gridville, gammafunk_ghost_split, uniq_nergalle, uniq_erica
Temple:   nicolae_temple_no_exploring_needed

Skill      XL: |  1  2  3  4  5  6  7  8  9 10 |
---------------+-------------------------------+-----
Fighting       | 3 4 5 8 |  8.0
Ranged Weapons | 7 8 10 12 | 12.4
Dodging        | 4 8 10 | 10.0
Spellcasting   | 3 6 |  6.0
Stealth        | |  1.3

Action                     |  1- 3 |  4- 6 |  7- 9 | 10-12 || total
---------------------------+-------+-------+-------+-------++-------
   Fire: Shortbow          |   107 |   209 |   386 |   252 ||   954
 Invoke: Recall Ancestor   |       |       |       |     1 ||     1
         Ancestor Life: Kn |       |       |       |     1 ||     1
  Evoke: Wand              |       |       |       |     1 ||     1
    Use: Scroll            |     5 |     5 |     7 |     5 ||    22
         Potion            |       |     3 |     6 |     4 ||    13
 Armour: Leather armour    |    24 |    96 |    74 |    51 ||   245
  Dodge: Dodged            |    65 |   236 |   281 |   214 ||   796

Table legend: (Time is in decaauts)
 A = Elapsed time spent in this place.
 B = Non-inter-level travel time spent in this place.
 C = Inter-level travel time spent in this place.
 D = Time resting spent in this place.
 E = Time spent auto-exploring this place.
 F = Levels seen in this place.
 G = Mean time per level.
                   A        B        C        D        E       F      G
               +--------+--------+--------+--------+--------+-----+--------+
         Total |  10503 |  10085 |    418 |   1046 |   7363 |  13 |  807.9 |
       Dungeon |   9741 |   9341 |    400 |    725 |   7056 |  11 |  885.5 |
        Temple |     32 |     14 |     18 |      0 |      7 |   1 |   32.0 |
       Ossuary |    729 |    729 |      0 |    321 |    300 |   1 |  729.0 |
               +--------+--------+--------+--------+--------+-----+--------+

Top non-repeatable levels by time:
     D:5: 1466 daAuts
     D:9: 1355 daAuts
     D:1: 1116 daAuts
     D:3: 1010 daAuts
     D:4: 999 daAuts
     D:7: 941 daAuts
     D:2: 854 daAuts
     D:6: 789 daAuts
     D:8: 751 daAuts
 Ossuary: 729 daAuts
    D:10: 451 daAuts
  Temple: 32 daAuts
    D:11: 3 daAuts
